 Dungeon Crawl Stone Soup version 0.24.0-37-gcf1ca852f1 (webtiles) character file.

Game seed: 18318667705257115007, levelgen mode: deterministic

57 Descartes the Scratcher (level 3, -2/17 HPs)
             Began as a Felid Monk on Nov 23, 2019.
             Slain by an adder (5 damage)
             ... on level 2 of the Dungeon.
             The game lasted 00:02:40 (2076 turns).

Descartes the Scratcher (Felid Monk)                Turns: 2076, Time: 00:02:41

Health: -2/17      AC:  1    Str:  8    XL:     3   Next: 73%
Magic:  4/4        EV: 19    Int: 11    God:
Gold:   87         SH:  0    Dex: 18    Spells: 2/2 levels left
                                        Lives:  0   Deaths: 0

rFire    . . .     SeeInvis +     - Unarmed
rCold    . . .     Gourm    .   (shield unavailable)
rNeg     . . .     Faith    .   (armour unavailable)
rPois    .         Spirit   .   (helmet unavailable)
rElec    .         Reflect  .   (cloak unavailable)
rCorr    .         Harm     .   (gloves unavailable)
MR       .....                  (boots unavailable)
Stlth    +++.......             (no amulet)
HPRegen  0.05/turn              (no ring)
MPRegen  0.09/turn              (no ring)

@: lethally poisoned (-2 -> -9), quick
A: very small, no armour, no weapons or thrown items, stealth, claws 1, fangs 3,
see invisible, carnivore, speed 1, shaggy fur 1, slow metabolism 1, sharp paws
a: no special abilities


You were on level 2 of the Dungeon.
You were completely stuffed.

You visited 1 branch of the dungeon, and saw 2 of its levels.

You collected 87 gold pieces.

Inventory:

Missiles
 b - 133 stones
 l - 17 arrows
Jewellery
 c - a cursed ring of teleportation {unknown}
Scrolls
 e - 3 scrolls of identify {unknown}
 h - a scroll of enchant weapon {unknown}
 i - a scroll of fear {unknown}
 j - a scroll of random uselessness {unknown}
 m - a scroll of teleportation {unknown}
Potions
 d - a potion of agility {unknown}
 f - a potion of might {unknown}
 g - 3 potions of brilliance {unknown}
 k - a potion of flight {unknown}
Comestibles
 a - 4 rations


   Skills:
 - Level 3.0 Fighting
 - Level 4.0 Dodging
 - Level 2.6 Stealth
 + Level 4.7 Unarmed Combat


You had 2 spell levels left.
You didn't know any spells.
Your spell library was empty.

Dungeon Overview and Level Annotations

Branches:
Dungeon (2/15)

Altars:

Annotations:
D:2 Terence


Innate Abilities, Weirdness & Mutations

You cannot wear armour.
You are incapable of wielding weapons or throwing items.
Your paws allow you to move quietly. (Stealth)
You have sharp claws.
You have razor-sharp teeth.
You have supernaturally acute eyesight. (SInv)
You are carnivorous and can eat meat at any time.
You cover ground quickly.
You are covered in fur. (AC +1)
You have a slow metabolism.
Your sharp claws are effective at attacking unaware monsters.


Message History

You are too injured to fight recklessly!
You scratch the adder but do no damage. The bat barely misses you.
The adder misses you.
You closely miss the adder.
You feel sick. The bat completely misses you. The adder barely misses you.
You closely miss the adder. You bite the adder.
The adder is moderately wounded.
You feel sick. The bat hits you.
* * * LOW HITPOINT WARNING * * *
The adder barely misses you. The adder closely misses you.
You scratch the adder.
The adder is heavily wounded.
The bat hits you.
* * * LOW HITPOINT WARNING * * *
The adder barely misses you.
You scratch the adder.
The adder is severely wounded.
* * * LOW HITPOINT WARNING * * *
You feel sick. The bat hits you but does no damage. The adder bites you.
You die...

## ###########
.########## #.........#
..........# #.........#
...#####..# #.........#
##.# #..###.†.......#
##.# #...#...@S....#
##.### #.#......b....#
.....####.##..........#
#..#......##...##.#####
#.#######....#.# .#
#.........#.##.@..#
...######.#.####...
#.## #.#.. #.. #.#
#.##.. ..


You could see an adder and a bat.

Vanquished Creatures
  A gnoll (D:2)
  An ooze (D:2)
  A dart slug (D:1)
  A leopard gecko (D:1)
  5 bats
  9 goblins
  6 hobgoblins
  A jackal (D:1)
  A quokka (D:2)
  2 frilled lizards
  6 kobolds
  6 rats
40 creatures vanquished.

Notes
Turn   | Place    | Note
-------+----------+-------------------------------------------
     0 | D:1      | Descartes the Felid Monk began the quest for the Orb.
     0 | D:1      | Reached XP level 1. HP: 10/10 MP: 2/2
   183 | D:1      | Reached XP level 2. HP: 14/14 MP: 3/3
   946 | D:2      | Reached XP level 3. HP: 15/17 MP: 4/4
  2061 | D:2      | Noticed Terence
  2076 | D:2      | Slain by an adder

Levels and vault maps discovered:
D:1:      dpeg_arrival_lava_temple_mockup, layout_loops_corners, minmay_vboxes
D:2:      layout_rooms, first_ration, minmay_goblin_kobold_house, uniq_terence

Skill      XL: |  1  2 |
---------------+-------+-----
Unarmed Combat | 4 |  4.7
Fighting       | |  3.0
Dodging        | |  4.0
Stealth        | |  2.6

Action                   || total
-------------------------++-------
Melee: Unarmed           ||   107
       Bite              ||    10
       Punch             ||     1
 Stab: Sleeping          ||     8
  Eat: Chunk             ||     9
Armor: Skin              ||     7
Dodge: Dodged            ||    89
